 Dungeon Crawl Stone Soup version 0.31-a0-174-g85c54bcb58 (webtiles) character file.

Game seed: 6074312545180012993

93 qw the Shooter (level 4, 0/28 HPs)
             Began as a Gargoyle Hunter on June 15, 2023.
             Slain by Grinder (1 damage)
             ... while paralysed by Grinder
             ... on level 3 of the Dungeon.
             The game lasted 00:00:45 (1743 turns).

qw the Shooter (Gargoyle Hunter)                    Turns: 1743, Time: 00:00:45

Health: 0/28       AC:  8    Str: 15    XL:     4   Next: 61%
Magic:  4/4        EV:  2    Int:  9    God:
Gold:   48         SH:  0    Dex: 15    Spells: 3/3 levels left

rFire   . . .        Y - +1 shortbow
rCold   . . .        (shield currently unavailable)
rNeg    + . .        g - +0 ring mail
rPois   inf          (no helmet)
rElec   +            (no cloak)
rCorr   .            (no gloves)
SInv    .            (no boots)
Will    .....        (no amulet)
Stlth   +            (no ring)
HPRegen 0.24/turn    (no ring)
MPRegen 0.09/turn

%: no passive effects
@: paralysed
A: sickness immunity, AC +3, negative energy resistance 1, electricity
resistance, torment resistance 1, petrification resistance
a: no special abilities


You were on level 3 of the Dungeon.
You visited 1 branch of the dungeon, and saw 3 of its levels.

You collected 48 gold pieces.


Innate Abilities, Weirdness & Mutations

You are immune to sickness and miasma.
Your stone body is resilient. (AC +3)
You are immune to poison.
You resist negative energy. (rN+)
You are resistant to electric shocks. (rElec)
You are resistant to unholy torment.
You are immune to petrification.


   Skills:
 - Level 3.0 Fighting
 + Level 5.4 Ranged Weapons
 - Level 1.1 Armour
 - Level 1.5 Dodging
 - Level 1.1 Stealth


You had 3 spell levels left.
You didn't know any spells.
Your spell library was empty.

Inventory:

Hand Weapons
 Y - a +1 shortbow (weapon)
Armour
 g - a +0 ring mail (worn)
Scrolls
 a - 7 scrolls of identify
Potions
 d - 3 potions of attraction
 j - 3 potions of curing

Dungeon Overview and Level Annotations

Branches:
Dungeon (3/15)

Altars:

Annotations:
D:3 Grinder


Message History

Grinder blinks!
Enter note:
Enter note: You shoot an arrow.
The arrow barely misses Grinder.
You shoot an arrow. The arrow completely misses Grinder.
You shoot an arrow. The arrow barely misses Grinder.
Grinder gestures at you. Pain shoots through your body!
You shoot an arrow. The arrow hits Grinder.
Grinder is lightly wounded.
You shoot an arrow. The arrow hits Grinder.
Grinder is lightly wounded.
Grinder gestures at you.
You suddenly lose the ability to move!
A goblin comes into view. It is wielding a +0 club.
The goblin shouts!
Grinder barely misses you. Grinder gestures at you.
You resist with significant effort. Grinder gestures at you.
You barely resist. Grinder gestures at you. Pain shoots through your body!
You can move again.
You shoot an arrow. The arrow hits Grinder!
Grinder is moderately wounded.
Grinder hits you but does no damage.
You shoot an arrow. The arrow completely misses Grinder.
Grinder closely misses you.
You shoot an arrow. The arrow hits Grinder!
Grinder is heavily wounded.
Grinder misses you. The goblin hits you with a +0 club.
You shoot an arrow. The arrow hits Grinder!
Grinder is severely wounded.
Grinder hits you.
You writhe in agony.
The goblin hits you but does no damage. Grinder gestures at you.
You suddenly lose the ability to move!
The goblin completely misses you. Grinder hits you!
You writhe in agony.
The goblin hits you with a +0 club. Grinder hits you.
You writhe in agony.
You die...

...........####.####...
.#....#####...........
.#......###.........# .
.#..................#..
.......##..............
#......#..#[...........
.........##............
#.##.#.#.....#..####.(.
#. #........##.g@.# ..
. ....#.......5...$....
.........###.###...#..
$..#... #.%# ......
..#........ .###.
#........ .# ...... #
....


You could see Grinder and a goblin.

Vanquished Creatures
  3 adders
  3 worms (D:2)
  4 dart slugs
  9 endoplasms
  A giant cockroach (D:2)
  6 goblins
  6 hobgoblins
  3 quokkas
  2 ball pythons (D:1)
  2 bats (D:1)
  2 frilled lizards (D:1)
  4 kobolds (D:1)
  2 rats (D:1)
47 creatures vanquished.

Notes
Turn   | Place    | Note
-------+----------+-------------------------------------------
     0 | D:1      | qw the Gargoyle Hunter began the quest for the Orb.
     0 | D:1      | Reached XP level 1. HP: 12/12 MP: 1/1
     0 | D:1      | 0 ||| qw: Version: 0.2-a-29-g511e9b1
     0 | D:1      | 0 ||| qw: Game counter: 5397
     0 | D:1      | 0 ||| qw: Always use a shield: true
     0 | D:1      | 0 ||| qw: God list: Okawaru
     0 | D:1      | 0 ||| qw: Allow faded altars: false
     0 | D:1      | 0 ||| qw: Do Orc after D:15 true
     0 | D:1      | 0 ||| qw: Do second Lair branch before Depths: true
     0 | D:1      | 0 ||| qw: Lair rune preference: random
     0 | D:1      | 0 ||| qw: Plans: Normal, Zot:1-4, Slime:5, God:TSO, Crypt,
                  | Tomb, Abyss, Pan, Hells, Win
     0 | D:1      | 0 ||| PLANNING D:1-11
    67 | D:1      | Reached XP level 2. HP: 17/17 MP: 2/2
   110 | D:1      | 110 ||| Stepping ~*~*~tactically~*~*~ (water).
   112 | D:1      | 112 ||| Stepping ~*~*~tactically~*~*~ (water).
   114 | D:1      | 114 ||| Stepping ~*~*~tactically~*~*~ (water).
   116 | D:1      | 116 ||| Stepping ~*~*~tactically~*~*~ (water).
   121 | D:1      | HP: 3/17 [frozen (5)]
   453 | D:1      | Reached XP level 3. HP: 14/21 MP: 3/3
   502 | D:1      | Reached skill level 5 in Ranged Weapons
   718 | D:1      | 718 ||| UPGRADING to +0 ring mail.
   722 | D:1      | 722 ||| UPGRADING to +0 ring mail.
   732 | D:1      | 732 ||| DROPPING +0 leather armour.
   852 | D:1      | 852 ||| DROPPING ring of wizardry.
   853 | D:1      | 853 ||| READING 2 scrolls labelled ASSAOL DEDU.
   854 | D:1      | 854 ||| READING scroll labelled NUIRIEPTEU.
   855 | D:1      | 855 ||| READING scroll labelled DASUUT MUYRRIX.
   856 | D:1      | 856 ||| DRINKING 2 amethyst potions.
   857 | D:1      | 857 ||| DROPPING scroll of butterflies.
  1061 | D:2      | Reached skill level 1 in Armour
  1177 | D:2      | Reached XP level 4. HP: 27/27 MP: 4/4
  1206 | D:2      | Reached skill level 3 in Fighting
  1633 | D:2      | 1633 ||| DROPPING ring of flight.
  1634 | D:2      | 1634 ||| READING scroll labelled NUNGUCL QUOSS.
  1635 | D:2      | 1635 ||| DRINKING 4 silvery potions.
  1636 | D:2      | 1636 ||| DRINKING 2 green potions.
  1637 | D:2      | 1637 ||| DROPPING potion of brilliance.
  1728 | D:3      | Noticed Grinder
  1733 | D:3      | Paralysed by Grinder for 5 turns
  1741 | D:3      | Paralysed by Grinder for 4 turns
  1742 | D:3      | HP: 6/28 [Grinder (3)]
  1743 | D:3      | HP: 1/28 [Grinder (2)]
  1743 | D:3      | Slain by Grinder

Levels and vault maps discovered:
D:1:      dpeg_arrival_renting, layout_basic, serial_bayou,
          serial_bayou_shore_a, serial_bayou_crossing, serial_bayou_lagoon_b,
          serial_bayou_pond_a, minmay_pentomino_z4
D:2:      layout_loops_ring, kennysheep_small_spiral,
          dreamdust_princess_corridor
D:3:      layout_rooms, general_overflow_altar,
          chequers_ecumenical_altar_twisty, minmay_joined_circles, uniq_ijyb,
          uniq_jessica, uniq_grinder

Skill      XL: |  1  2  3  4 |
---------------+-------------+-----
Ranged Weapons | 5 |  5.4
Armour         | 1 |  1.1
Fighting       | 3 |  3.0
Dodging        | |  1.5
Stealth        | |  1.1

Action                     |  1- 3 |  4- 6 || total
---------------------------+-------+-------++-------
   Fire: Shortbow          |   129 |    45 ||   174
    Use: Scroll            |     3 |     1 ||     4
         Potion            |     1 |     2 ||     3
 Armour: Leather armour    |     8 |       ||     8
         Ring mail         |     7 |     8 ||    15
  Dodge: Dodged            |    24 |    11 ||    35

Table legend:
 A = Non-vault XP
 B = Vault XP
 C = Vault XP percentage of total XP
 D = Non-vault monster count
 E = Vault monster count
 F = Vault count percentage of total count
                 A         B        C        D         E       F
            +---------+---------+-------+---------+---------+-------
      Total |     129 |       4 |   3.0 |      44 |       3 |   6.4
            +---------+---------+-------+---------+---------+-------
        D:1 |      43 |       4 |   8.5 |      24 |       3 |  11.1
        D:2 |      70 |       0 |   0.0 |      18 |       0 |   0.0
        D:3 |      16 |       0 |   0.0 |       2 |       0 |   0.0
            +---------+---------+-------+---------+---------+-------
